 Dungeon Crawl Stone Soup version 0.19.0-19-g8c6edcc (webtiles) character file.

147 mopl the Sneak (level 5, -4/25 HPs)
             Began as a Spriggan Wanderer on Nov 13, 2016.
             Was an Initiate of Gozag.
             Slain by an orc
             ... wielding a +0 trident
              (7 damage)
             ... on level 2 of the Dungeon.
             The game lasted 00:06:54 (3351 turns).

mopl the Sneak (Spriggan Wanderer)                  Turns: 3351, Time: 00:06:54

Health: -4/25      AC:  2    Str:  9    XL:     5   Next: 8%
Magic:  12/18      EV: 15    Int: 14    God:    Gozag
Gold:   243        SH:  0    Dex: 15    Spells: 2 memorised, 4 levels left

rFire  . . .     SeeInvis +     d - +0 dagger
rCold  . . .     Gourm    .     c - +0 robe
rNeg   . . .     Faith    .     (shield restricted)
rPois  +         Spirit   .     (helmet restricted)
rElec  .         Reflect  .     (no cloak)
rCorr  .         Harm     .     (gloves unavailable)
MR     .....                    (boots unavailable)
Stlth  +++.......               (no amulet)
                                v - ring of magical power
                                t - ring of poison resistance

@: very slightly contaminated, slowed, quick
A: unfitting armour, see invisible, herbivore 3, speed 3, slow metabolism 2
a: Potion Petition, Call Merchant, Bribe Branch, Renounce Religion


You were on level 2 of the Dungeon.
You worshipped Gozag.
Gozag was aware of your devotion.
You were not hungry.

You visited 1 branch of the dungeon, and saw 3 of its levels.

You collected 270 gold pieces.
You paid 27 gold pieces to Gozag.

Inventory:

Hand Weapons
 d - a +0 dagger (weapon)
 e - a +0 hunting sling
 u - a +0 rapier
 x - a +1 falchion of slicing
Missiles
 r - 12 stones (quivered)
Armour
 c - a +0 robe (worn)
Jewellery
 t - a ring of poison resistance (left hand)
 v - a ring of magical power (right hand)
Scrolls
 g - a scroll of teleportation {unknown}
 k - 2 scrolls of random uselessness {unknown}
 n - a scroll of immolation {unknown}
 o - a scroll of identify {unknown}
 p - a scroll of fog {unknown}
 w - a scroll of fear {unknown}
Potions
 h - a potion of beneficial mutation {unknown}
 i - a potion of brilliance {unknown}
 j - 3 potions of magic {unknown}
 l - a potion of agility {unknown}
 m - a potion of heal wounds {unknown}
 q - a potion of haste {unknown}
 s - a potion of mutation {unknown}
 z - a potion of curing {unknown}
Books
 a - a book of Geomancy

   Spells                             Type                      Level
   a - Sandblast                      Earth                        1
   b - Passwall                       Transmutation/Earth          2
   c - Stone Arrow                    Conjuration/Earth            3
   d - Petrify                        Transmutation/Earth          4
   e - Lee's Rapid Deconstruction     Earth                        5
 b - the Papyrus of Ice

   Spells                             Type                      Level
   a - Throw Frost                    Conjuration/Ice              2
   b - Ensorcelled Hibernation        Hexes/Ice                    2
Comestibles
 f - a bread ration


   Skills:
 - Level 1.0 Fighting
 - Level 2.9(3.1) Short Blades
 - Level 1.0(1.7) Long Blades
 - Level 0.6 Throwing
 * Level 6.2 Stealth
 - Level 2.1 Spellcasting
 + Level 2.2 Hexes
   Level 2.6 Necromancy
 + Level 0.0 Transmutations
 + Level 0.1 Ice Magic
 + Level 1.0 Earth Magic


You had 4 spell levels left.
You knew the following spells:

 Your Spells              Type           Power        Failure   Level  Hunger
b - Ensorcelled Hibernat  Hex/Ice        #.....       24%         2    ###....
p - Passwall              Tmut/Erth      #.........   30%         2    ###....


Dungeon Overview and Level Annotations

Branches:
Dungeon (3/15)

Altars:
Gozag
Qazlal

Shops:
D:2 *

Annotations:
D:3 Monkfish's ghost, amateur KoBe


Innate Abilities, Weirdness & Mutations

You are very small and have problems with some larger weapons.
You are too small for most types of armour.
You have supernaturally acute eyesight. (SInv)
You are a herbivore.
You cover ground extremely quickly.
You need consume almost no food.


Message History

You are very lightly contaminated with residual magic.
You feel a strange surge of energy! The orc hits you with a trident!
* * * LOW HITPOINT WARNING * * *
Casting: Ensorcelled Hibernation
Confirm with . or Enter, or press ? or * to list all spells.
Aiming: Ensorcelled Hibernation
Press: ? - help, Shift-Dir - straight line, f/p - orc
Aim: an orc, wielding a trident (chance to defeat MR: 53%)
You miscast Ensorcelled Hibernation.
You feel a bit tired. The orc hits you with a trident.
* * * LOW HITPOINT WARNING * * *
Casting: Ensorcelled Hibernation
Confirm with . or Enter, or press ? or * to list all spells.
Aiming: Ensorcelled Hibernation
Press: ? - help, Shift-Dir - straight line, f/p - orc
Aim: an orc, wielding a trident (chance to defeat MR: 53%)
You miscast Ensorcelled Hibernation.
You feel a bit tired. The orc closely misses you.
The orc hits you with a trident!
You die...
Your body crumbles into a pile of gold.

##.#....[....#.....##.##.#
#.......###..#...)....##'###
##.#.##.# #..##.............
#.#.##.###)....)...........
#.#.#....)<................
#.#.######.###.............
#.#.# #....#############
#.#.######..#.#########
#.#......#@...........##
#.######.o).######.##..# #.#
#.##.# #.###.# #.# #.##.#
#.# #.## #g# ###.##.#### #.#
#..# #.# #..†......# #.#
##.## ####.##########.#.#
#.# #..# #....##.........#.#
#.#####.##
#.#####.........#.#
#.........


You could see an orc.

Vanquished Creatures
  An orc priest (D:3)
  5 adders
  2 oozes
  3 worms (D:2)
  3 leopard geckos (D:3)
  3 orcs (D:3)
  A giant cockroach (D:2)
  4 goblins
  7 hobgoblins
  3 jackals (D:2)
  5 kobolds
  A quokka (D:3)
  A ball python (D:2)
  6 bats (D:2)
  2 frilled lizards
  3 rats
50 creatures vanquished.

Notes
Turn   | Place    | Note
-------+----------+-------------------------------------------
     0 | D:1      | mopl the Spriggan Wanderer began the quest for the Orb.
     0 | D:1      | mopl set off with: a book of Geomancy, the Papyrus of Ice, a +0 robe, a +0 dagger, a bread ration
     0 | D:1      | Reached XP level 1. HP: 10/10 MP: 3/3
     0 | D:1      | Identified the Papyrus of Ice
   417 | D:1      | Reached skill level 1 in Short Blades
   714 | D:1      | Reached XP level 2. HP: 5/14 MP: 5/5
   923 | D:1      | Learned a level 2 spell: Ensorcelled Hibernation
  1053 | D:2      | Reached skill level 5 in Stealth
  1579 | D:2      | Reached XP level 3. HP: 10/18 MP: 3/6
  1851 | D:2      | Reached skill level 1 in Hexes
  1868 | D:2      | Reached skill level 2 in Short Blades
  1886 | D:2      | Found an opulent altar of Gozag.
  1888 | D:2      | Found Gozag's Platinum Reserve.
  2070 | D:2      | Became a worshipper of Gozag Ym Sagoz the Greedy
  2341 | D:2      | Learned a level 2 spell: Passwall
  2457 | D:2      | Reached XP level 4. HP: 22/22 MP: 7/7
  2574 | D:3      | Found a stormy altar of Qazlal.
  2590 | D:3      | Reached skill level 6 in Stealth
  2590 | D:3      | Reached skill level 2 in Spellcasting
  2855 | D:3      | Reached skill level 2 in Hexes
  2893 | D:3      | Reached XP level 5. HP: 22/25 MP: 9/9
  2914 | D:3      | Noticed Monkfish's ghost (amateur KoBe)
  3351 | D:2      | Slain by an orc

Skill      XL: |  1  2  3  4 |
---------------+-------------+-----
Short Blades   | 1 2 |  2.9
Stealth        | 5 6 |  6.2
Hexes          | 1 2 |  2.2
Spellcasting   | 2 |  2.1
Fighting       | |  1.0
Long Blades    | |  1.0
Throwing       | |  0.6
Necromancy     | |  2.6
Ice Magic      | |  0.1
Earth Magic    | |  1.0

Action                   |  1- 3 |  4- 6 || total
-------------------------+-------+-------++-------
Melee: Dagger            |   150 |    64 ||   214
 Cast: Ensorcelled Hiber |    10 |    13 ||    23
       Passwall          |       |     1 ||     1
 Stab: Sleeping          |    12 |    10 ||    22
  Eat: Bread ration      |       |     1 ||     1
Armor: Robe              |    29 |     6 ||    35
Dodge: Dodged            |   144 |    40 ||   184
